 Dungeon Crawl Stone Soup version 0.28.0-62-gf88900778d (webtiles) character file.

Game seed: 7588312747263252485

3474 cbfl8 the Cleaver (level 9, -2/62 HPs)
             Began as a Demonspawn Fighter on Mar 22, 2024.
             Was a Follower of Hepliaklqana.
             Slain by a two-headed ogre
             ... wielding a +0 giant club
              (18 damage)
             ... on level 7 of the Dungeon on Mar 23, 2024.
             The game lasted 00:15:06 (12109 turns).

cbfl8 the Cleaver (Demonspawn Fighter)             Turns: 12109, Time: 00:15:06

Health: -2/62      AC: 13    Str: 17    XL:     9   Next: 79%
Magic:  9/9        EV:  6    Int: 14    God:    Hepliaklqana [*.....]
Gold:   316        SH:  5    Dex: 16    Spells: 8/8 levels left

rFire   . . .      SeeInvis .   a - +1 war axe
rCold   + . .      Faith    .   c - +0 buckler
rNeg    . . .      Spirit   .   o - +0 chain mail
rPois   .          Reflect  .   (no helmet)
rElec   .          Harm     .   (no cloak)
rCorr   .          Rampage  .   n - +1 Delatra's gloves {ID++}
Will    .....                   s - +0 pair of boots
Stlth   ..........              r - amulet of magic regeneration
HPRegen 0.20/turn               t - ring of protection from cold
MPRegen 0.51/turn               (no ring)

@: mighty
A: reduced essence, claws 2, powered by pain 1, big brain 2
a: Renounce Religion, Recall Ancestor, Ancestor Identity


You were on level 7 of the Dungeon.
You worshipped Hepliaklqana.
Hepliaklqana was aware of your devotion.
You visited 2 branches of the dungeon, and saw 9 of its levels.

You collected 316 gold pieces.

Inventory:

Hand Weapons
 a - a +1 war axe (weapon)
Missiles
 q - a throwing net
Armour
 c - a +0 buckler (worn)
 n - the +1 Delatra's gloves (worn) {ID++}
   (You found it on level 2 of the Dungeon)

   It heals its wearer when they drink unknown potions.
   It restores its wearer's MP when they read unknown scrolls.
 o - a +0 chain mail (worn)
 s - a +0 pair of boots (worn)
Jewellery
 r - an amulet of magic regeneration (around neck)
 t - a ring of protection from cold (left hand)
Scrolls
 b - a scroll of fear {unknown}
 d - a scroll of summoning {unknown}
 h - a scroll of enchant weapon
 i - a scroll of magic mapping {unknown}
 j - a scroll of fog {unknown}
 m - 2 scrolls of identify {unknown}
 u - a scroll of amnesia {unknown}
 v - 2 scrolls of immolation {unknown}
Potions
 k - 3 potions of lignification
 p - 2 potions of flight {unknown}


   Skills:
 + Level 6.1 Fighting
 + Level 8.0 Axes
 + Level 6.4 Armour
 + Level 4.3 Shields
 * Level 6.3 Evocations


You had 8 spell levels left.
You didn't know any spells.
Your spell library contained the following spells:

 Spells                   Type           Power      Damage    Failure   Level
 Beastly Appendage        Tmut           0%         N/A       99%         1
 Wereblood                Tmut           0%         N/A       100%        2
 Gell's Gravitas          Tloc           0%         N/A       100%        3
 Ignite Poison            Fire/Tmut/Pois 0%         N/A       100%        3
 Lesser Beckoning         Tloc           0%         N/A       100%        3
 Mephitic Cloud           Conj/Pois/Air  0%         N/A       100%        3
 Spider Form              Tmut/Pois      0%         N/A       100%        3
 Teleport Other           Tloc           0%         N/A       100%        3
 Freezing Cloud           Conj/Ice/Air   0%         6-21      100%        5


Dungeon Overview and Level Annotations

Branches:
Dungeon (8/15)             Temple (1/1) D:6
   Lair: D:8-11

Altars:
Cheibriados
Dithmenos
Elyvilon
Fedhas
Gozag
Hepliaklqana
Makhleb
Nemelex Xobeh
Ru
Sif Muna
Trog
Uskayaw
Vehumet
Wu Jian

Shops:
D:7 [

Annotations:
D:5 2 transporters, y3s's ghost, novice MiFi
D:8 Erica


Innate Abilities, Weirdness & Mutations

Your life essence is reduced to manifest your ancestor. (-10% HP)
You have very sharp fingernails.
You sometimes gain a little power by taking damage.
You have an extremely huge brain. (Int +4)


Message History

You start resting.
HP restored.
You start waiting.
Done waiting.
You swap places.
Things that are here:
a +0 hand axe; an orc skeleton
Things that are here:
a +0 trident; a +0 chain mail
Things that are here:
a +0 hand axe; an orc skeleton You swap places.
There is a stone staircase leading down, spattered with blood here.
You climb downwards.
Level annotation: Erica You block the orc's attack.
The two-headed ogre hits you with a +0 giant club!
The two-headed ogre barely misses you. The orc hits you but does no damage.
There is a stone staircase leading up here.
The two-headed ogre hits you with a +0 giant club!!
You focus on the pain.
You feel very mighty all of a sudden.
The two-headed ogre hits you with a +0 giant spiked club!
* * * LOW HITPOINT WARNING * * *
You focus on the pain.
You feel mightier all of a sudden. The orc completely misses you.
You climb upwards.
There is a stone staircase leading down, spattered with blood here.
Okay, then.
Ayize hits the two-headed ogre.
Ayize hits the two-headed ogre.
Ayize hits the two-headed ogre.
As you read the scroll labelled CAYNNAXATA, it crumbles to dust.
It is a scroll of enchant weapon.
Your +0 war axe glows red for a moment.
The energy of discovery flows from your fingertips!
Magic courses through your body. The two-headed ogre barely misses you.
The two-headed ogre hits you with a +0 giant spiked club!!
You die...

......######.....................
.....###...............#.........
.......................##.......#
###..)......)##..###....###...###
.###.))##..))###.# ##...###.....#
## ##.......)##..## ##..#.##.....
.#####............####.........#.
..#.###.#.........##[.........##.
........#.......@Oo>).........#..
##.......#........R##............
.....#.#.#####.....#.............
##.###.#.#######...##............
####.............###............
###.#........#..##.##............
#............#..##...............
##.................#.............
#............###..##............


You could see the friendly Ayize the ancestor, a two-headed ogre (ally target)
and an orc.

Vanquished Creatures
  A troll (D:6)
  3 yaks (D:8)
  Eustachio (D:4)
  A steam dragon (D:6)
  2 water moccasins
  An orc warrior (D:7)
  A sky beast (D:6)
  2 black bears
  2 ogres
  2 ice beasts
  4 phantoms
  3 centaurs
  A bullfrog (D:6)
  A wight (D:8)
  2 howler monkeys
  A bullfrog zombie (D:5)
  A jelly (D:5)
  3 orc priests
  3 centaur skeletons
  3 hounds
  3 bullfrog skeletons
  6 iguanas
  5 orc wizards
  A killer bee zombie (D:6)
  6 gnolls
  5 adders
  2 ufetubi
  An adder zombie (D:2)
  An adder skeleton (D:2)
  2 worms
  3 dart slugs
  18 orcs
  5 bats
  2 bat skeletons (D:2)
  2 bat zombies (D:2)
  5 endoplasms
  A giant cockroach (D:2)
  9 goblins
  3 hobgoblins
  A quokka (D:3)
  2 ball pythons
  A frilled lizard (D:3)
  11 kobolds
  4 rats
137 creatures vanquished.

Vanquished Creatures (collateral kills)
  An orc (D:8)
1 creature vanquished.

Vanquished Creatures (others)
  3 ancestors
  6 plants (D:2)
  4 withered plants (D:2)
13 creatures vanquished.

Grand Total: 151 creatures vanquished

Notes
Turn   | Place    | Note
-------+----------+-------------------------------------------
     0 | D:1      | cbfl8 the Demonspawn Fighter began the quest for the Orb.
     0 | D:1      | Reached XP level 1. HP: 18/18 MP: 1/1
    74 | D:1      | Found a faded altar of an unknown god.
   317 | D:1      | You fall into a shaft and drop 1 floor!
   336 | D:2      | Reached skill level 2 in Axes
   336 | D:2      | Gained mutation: You sometimes gain a little power by
                  | taking damage. [demonic ancestry]
   336 | D:2      | Reached XP level 2. HP: 18/24 MP: 2/2
   337 | D:2      | Noticed a howler monkey
   341 | D:2      | Killed a howler monkey
   342 | D:2      | Reached skill level 1 in Evocations
   342 | D:2      | Gained mutation: You have an unusually large brain. (Int
                  | +2) [demonic ancestry]
   342 | D:2      | Reached XP level 3. HP: 22/29 MP: 3/3
   719 | D:2      | Reached XP level 4. HP: 35/35 MP: 4/4
  1915 | D:2      | Found the +1 Delatra's gloves {ID++}
  2190 | D:1      | Reached XP level 5. HP: 41/41 MP: 5/5
  2845 | D:3      | Reached skill level 3 in Axes
  4523 | D:4      | Gained mutation: You have sharp fingernails. [demonic
                  | ancestry]
  4523 | D:4      | Reached XP level 6. HP: 20/48 MP: 6/6
  5135 | D:4      | Noticed Eustachio
  5155 | D:4      | Reached skill level 4 in Axes
  5159 | D:4      | Killed Eustachio
  5160 | D:4      | Reached XP level 7. HP: 29/54 MP: 7/7
  5754 | D:5      | Entered Level 5 of the Dungeon
  5839 | D:5      | Reached skill level 5 in Axes
  6870 | D:5      | Found an ornate altar of the Wu Jian Council.
  6872 | D:5      | Found a burning altar of Makhleb.
  6889 | D:5      | Found a transporter.
  6889 | D:5      | Found a hide-covered altar of Uskayaw.
  7580 | D:5      | Gained mutation: You have an extremely huge brain. (Int +4)
                  | [demonic ancestry]
  7580 | D:5      | Reached XP level 8. HP: 48/61 MP: 8/8
  7686 | D:5      | Found a transporter.
  7712 | D:5      | Noticed y3s's ghost (novice MiFi)
  7870 | D:6      | Noticed a troll
  8143 | D:6      | Found a blossoming altar of Fedhas.
  8198 | D:6      | Found a staircase to the Ecumenical Temple.
  8211 | D:6      | Reached skill level 5 in Armour
  8223 | Temple   | Entered the Ecumenical Temple
  8337 | Temple   | Became a worshipper of Hepliaklqana the Forgotten
  8988 | D:6      | Reached skill level 6 in Axes
  9002 | D:6      | Reached skill level 5 in Fighting
  9290 | D:6      | Killed a troll
  9291 | D:6      | Reached skill level 5 in Evocations
  9291 | D:6      | Gained mutation: You have very sharp fingernails. [demonic
                  | ancestry]
  9291 | D:6      | Reached XP level 9. HP: 30/68 MP: 9/9
  9974 | D:7      | Reached skill level 7 in Axes
 10448 | D:7      | Found a shimmering blue altar of Sif Muna.
 10509 | D:7      | Found Oqischell's Antique Armour Boutique.
 10698 | D:7      | Reached * piety under Hepliaklqana
 11432 | D:8      | Noticed Erica
 11763 | D:8      | Noticed a two-headed ogre
 11787 | D:7      | Reached skill level 8 in Axes
 12109 | D:7      | Slain by a two-headed ogre

Illustrated notes

Levels and vault maps discovered:
D:1:      dpeg_arrival_signposts, layout_basic,
          hellmonk_ecumenical_altar_slurped_away
D:2:      layout_loops_ring, serial_undead, serial_undead_e, serial_undead_c,
          serial_undead_c, serial_undead_e, serial_undead_b, serial_undead_a,
          serial_undead_f, serial_undead_c, serial_undead_b, serial_undead_e,
          serial_bayou_ford_a, pf_guarded_unrand_delatra
D:3:      layout_basic
D:4:      layout_cave_pods, minmay_goblin_outpost, uniq_eustachio
D:5:      layout_rooms, grunt_temple_overflow_open, gammafunk_ghost_stat_death
D:6:      layout_loops_ring, lemuel_doored_altar, fedhas_ov_isle_minmay,
          minmay_temple_entry_stoned_glass, serial_rivers,
          chequers_serial_rivers_small_a, chequers_serial_rivers_small_a,
          chequers_serial_rivers_micro_d, chequers_serial_rivers_room_a,
          chequers_serial_rivers_room_b, chequers_serial_rivers_marsh,
          minmay_curled_crystal
D:7:      layout_cave_pools, mainiacjoe_overflow_chevrons, serial_shops,
          shop_fountains
D:8:      layout_basic, st_stairs_6, uniq_harold, uniq_prince_ribbit1,
          uniq_erica
Temple:   minmay_temple_curvy_loop

Skill      XL: |  1  2  3  4  5  6  7  8  9 |
---------------+----------------------------+-----
Axes           | 2 3 4 5 6 8 |  8.0
Armour         | 3 4 5 6 |  6.4
Evocations     | 1 2 3 5 6 |  6.3
Shields        | 3 4 |  4.3
Fighting       | 4 5 6 |  6.1

Action                   |  1- 3 |  4- 6 |  7- 9 || total
-------------------------+-------+-------+-------++-------
Melee: War axe           |    43 |   188 |   318 ||   549
Invok: Recall Ancestor   |       |       |     1 ||     1
Evoke: Wand              |       |     9 |    19 ||    28
  Use: Potion            |       |     1 |    12 ||    13
       Scroll            |       |       |     4 ||     4
 Stab: Paralysed         |       |       |    26 ||    26
       Distracted        |       |       |     1 ||     1
Armor: Scale mail        |    27 |    30 |       ||    57
       Chain mail        |       |    96 |   304 ||   400
       Skin              |       |       |    66 ||    66
Dodge: Dodged            |    34 |    83 |   138 ||   255
Block: Buckler           |    14 |    61 |   111 ||   186
